 Dungeon Crawl Stone Soup version 0.27-a0-1191-g601b473118 (webtiles) character file.

Game seed: 12341058948258420682

13990 freelancePsychic the Archer (level 12, -2/97 HPs)
             Began as a Human Wanderer on May 23, 2021.
             Was a High Priest of Okawaru.
             Slain by a yak (4 damage)
             ... led by a torpor snail
             ... on level 5 of the Lair of Beasts on May 24, 2021.
             The game lasted 00:38:35 (15802 turns).

freelancePsychic the Archer (Human Wanderer)       Turns: 15802, Time: 00:38:35

Health: -2/97      AC: 13    Str: 23    XL:     12   Next: 39%
Magic:  15/15      EV: 13    Int:  9    God:    Okawaru [*****.]
Gold:   472        SH:  0    Dex: 16    Spells: 11/11 levels left

rFire    . . .     SeeInvis +   g - +3 war axe
rCold    . . .     Faith    .   (no shield)
rNeg     . . .     Spirit   .   v - +4 scale mail of the Thoughtful Stories {-Cast rElec Str+3 Dex+2}
rPois    .         Reflect  .   (no helmet)
rElec    +         Harm     .   (no cloak)
rCorr    .         Rampage  .   (no gloves)
Will     .....     NoCast   +   h - +0 pair of boots {Stlth+}
Stlth    +.........             (no amulet)
HPRegen  0.26/turn              t - ring of see invisible
MPRegen  0.14/turn              (no ring)

@: mighty, brilliant, lethally poisoned (-2 -> -3), studying Maces & Flails
A: no striking features
a: Renounce Religion, Heroism, Finesse


You were on level 5 of the Lair of Beasts.
You worshipped Okawaru.
Okawaru was extremely pleased with you.
You visited 2 branches of the dungeon, and saw 14 of its levels.

You collected 851 gold pieces.
You spent 379 gold pieces at shops.

Inventory:

Hand Weapons
 a - a +3 shortbow
 b - a +0 spear
 c - a +0 hunting sling
 g - a +3 war axe (weapon)
 m - a +1 dagger of pain
Missiles
 e - 36 poisoned darts (quivered)
 j - 347 stones
 n - 2 throwing nets
 D - 8 atropa-tipped darts
Armour
 h - a +0 pair of boots of stealth (worn)
 v - the +4 scale mail of the Thoughtful Stories (worn) {-Cast rElec Str+3 Dex+2}
   (You bought it in a shop on level 3 of the Dungeon)

   It affects your strength (+3).
   It affects your dexterity (+2).
   It insulates you from electricity.
   It prevents spellcasting.
Jewellery
 o - a +6 ring of intelligence
 t - a ring of see invisible (left hand)
 A - an amulet of reflection
Wands
 p - a wand of iceblast (21)
 x - a wand of polymorph (6)
 C - a wand of flame (7)
Scrolls
 d - 2 scrolls of amnesia
 i - 2 scrolls of enchant weapon
 s - a scroll of enchant armour
Potions
 l - a potion of cancellation
 u - 2 potions of might
 E - a potion of magic


   Skills:
 + Level 10.1 Fighting
 - Level 1.0 Polearms
 + Level 13.1 Bows
 - Level 1.0 Throwing
 - Level 6.9 Armour
 - Level 6.2 Dodging
 - Level 1.0 Stealth
 - Level 1.0 Shields
 - Level 4.0 Invocations


You had 11 spell levels left.
You didn't know any spells.
Your spell library contained the following spells:

 Spells                   Type           Power      Damage    Failure   Level
 Animate Skeleton         Necr           0%         N/A       67%         1
 Magic Dart               Conj           0%         1d3       67%         1
 Pain                     Necr           0%         1d4       67%         1
 Blink                    Tloc           N/A        N/A       80%         2
 Call Imp                 Summ           0%         N/A       80%         2
 Slow                     Hex            0%         N/A       80%         2
 Conjure Flame            Conj/Fire      0%         6-21      95%         3
 Gell's Gravitas          Tloc           0%         N/A       95%         3
 Ignite Poison            Fire/Tmut/Pois 0%         N/A       95%         3
 Lesser Beckoning         Tloc           0%         N/A       95%         3
 Mephitic Cloud           Conj/Pois/Air  0%         N/A       95%         3
 Teleport Other           Tloc           0%         N/A       95%         3
 Vampiric Draining        Necr           0%         2d6       95%         3
 Animate Dead             Necr           0%         N/A       100%        4
 Agony                    Necr           0%         N/A       100%        5
 Fireball                 Conj/Fire      0%         3d3       100%        5
 Manifold Assault         Tloc           0%         N/A       100%        5
 Starburst                Conj/Fire      0%         8x6d3     100%        6
 Ignition                 Fire           0%         3d3       100%        8


Dungeon Overview and Level Annotations

Branches:
Dungeon (9/15)             Temple (0/1) D:6            Lair (6/6) D:9
  Swamp: Lair:2-4    Shoals: Lair:2-4     Snake: Lair:2-4    Spider: Lair:2-4
  Slime: Lair:5-6       Orc: D:9-12

Altars:
Dithmenos
Elyvilon
Gozag
Hepliaklqana
Kikubaaqudgha
Makhleb
Nemelex Xobeh
Okawaru
Ru
Sif Muna
Uskayaw
Vehumet
Wu Jian
Zin

Shops:
D:1 [   D:3 [

Annotations:
D:7 Harold
D:8 3 runed translucent doors, bilbop's ghost, novice DjIE
Lair:1 3 runed translucent doors, flotson's ghost, journeyman GnDe
Lair:3 exclusion: hydra


Message History

You feel clever all of a sudden.
You feel sick. The yak barely misses you. The yak gores you.
* * * LOW HITPOINT WARNING * * *
The water moccasin bites you but does no damage.
Okay, then.
Okay, then.
That's the wrong kind of item! (Use * to select it.) Evoke which item? (* to show all) (? for menu, Esc to quit)
Huh?
Evoke which item? (* to show all) (? for menu, Esc to quit)
Huh?
Evoke which item? (* to show all) (? for menu, Esc to quit)
Huh?
Evoke which item? (* to show all) (? for menu, Esc to quit)
Huh?
Evoke which item? (* to show all) (? for menu, Esc to quit)
Huh?
Evoke which item? (* to show all) (? for menu, Esc to quit)
Okay, then.
Unknown command.
Unknown command.
Unknown command.
You closely miss the water moccasin.
The yak bellows!
You hit the yak. You closely miss the yak. You slash the yak!
You feel sick.
The elephant looks more healthy.
The water moccasin closely misses you. The yak gores you.
* * * LOW HITPOINT WARNING * * *
The yak misses you. x2
The water moccasin bites you but does no damage.
The yak misses you. The yak barely misses you. The yak gores you!
* * * LOW HITPOINT WARNING * * *
The yak bellows!
You slice the water moccasin!!
The water moccasin is severely wounded.
You slash the yak! x3
* * * LOW HITPOINT WARNING * * *
You feel sick.
The water moccasin barely misses you. x2
The yak closely misses you. The yak gores you.
You die...

#..........#.
###.........#
#........P#
##.........#
#.........P#
#........P##
############..........#
.#.P.P#P..##...Y.....##
............Y.YS@.....#
.(......†......YYY....#
..........Y..........##
.....................#
......†.............P#
........(............P#
........(............##
.(..((..(.............#
.<(.(..(.(............#


You could see 2 elephants, 5 yaks and a water moccasin.

Vanquished Creatures
  2 hydras
  A centaur warrior (D:8)
  An elephant (Lair:5)
  A black mamba (Lair:6)
  Joseph (D:7)
  A cane toad (Lair:2)
  5 komodo dragons
  Grinder (D:6)
  A hornet (D:8)
  8 blink frogs
  Sigmund (D:6)
  A shadow (D:7)
  A wyvern (D:8)
  10 yaks
  2 steam dragons
  A vampire mosquito (D:8)
  3 basilisks
  An acid dragon (D:9)
  6 water moccasins
  An orc warrior (D:8)
  2 black bears
  2 ice beasts
  An ogre (D:7)
  3 centaurs
  A necrophage (D:4)
  2 kobold brigands
  A gnoll sergeant (D:5)
  5 bullfrogs
  A water moccasin zombie (D:6)
  5 killer bees (D:9)
  4 wights
  5 howler monkeys
  3 electric eels (Lair:1)
  A centaur zombie (D:8)
  A centaur skeleton (D:3)
  5 orc priests
  2 gnoll shamans
  8 hounds
  3 iguanas
  Natasha (D:2)
  14 orc wizards
  9 hell rats (Lair:1)
  A killer bee zombie (D:5)
  A hound skeleton (D:4)
  22 gnolls
  7 adders
  16 river rats (Lair:1)
  A shadow imp (D:5)
  2 white imps
  An ufetubus (D:6)
  2 worms
  2 dart slugs (D:4)
  47 orcs
  9 endoplasms
  A giant cockroach (D:4)
  9 hobgoblins
  21 jackals
  16 kobolds
  9 quokkas
  6 ball pythons
  4 bats
  A frilled lizard (D:1)
  6 goblins
  15 rats
327 creatures vanquished.

Vanquished Creatures (others)
  A sky beast (D:8)
  20 fungi
  28 plants
49 creatures vanquished.

Grand Total: 376 creatures vanquished

Notes
Turn   | Place    | Note
-------+----------+-------------------------------------------
     0 | D:1      | freelancePsychic the Human Wanderer began the quest for the
                  | Orb.
     0 | D:1      | freelancePsychic set off with the following items: a +2
                  | shortbow, 22 arrows, a potion of lignification, a +0 ring
                  | mail
     0 | D:1      | Reached XP level 1. HP: 15/15 MP: 1/1
   119 | D:1      | Reached XP level 2. HP: 21/21 MP: 2/2
   330 | D:1      | Found Enoginum's Armour Boutique.
   362 | D:1      | Reached XP level 3. HP: 27/27 MP: 3/3
   537 | D:1      | Found a faded altar of an unknown god.
   709 | D:2      | Reached skill level 3 in Bows
   785 | D:2      | Reached XP level 4. HP: 23/34 MP: 4/4
  1498 | D:3      | Reached XP level 5. HP: 39/41 MP: 5/5
  1690 | D:3      | Found a transporter.
  1692 | D:3      | Noticed a centaur
  1692 | D:3      | Noticed a bullfrog
  1693 | D:3      | Noticed a bullfrog
  1694 | D:3      | Found a shadowy altar of Dithmenos.
  1694 | D:3      | Found an iron altar of Okawaru.
  1694 | D:3      | Found a sparkling altar of Nemelex Xobeh.
  1744 | D:3      | Found a transporter.
  1953 | D:3      | Found a shimmering blue altar of Sif Muna.
  1961 | D:3      | Reached skill level 4 in Bows
  1988 | D:3      | Found an ancient bone altar of Kikubaaqudgha.
  2008 | D:3      | Identified Kikubaaqudgha's Collected Works on Evil Rites
  2015 | D:3      | Found a radiant altar of Vehumet.
  2033 | D:3      | Reached XP level 6. HP: 43/48 MP: 6/6
  2442 | D:3      | Noticed Natasha
  2454 | D:2      | Killed Natasha
  2680 | D:3      | Found Nybir's Antique Armour Boutique.
  2775 | D:3      | Found a hazy altar of Hepliaklqana.
  2849 | D:4      | Found a hide-covered altar of Uskayaw.
  2949 | D:4      | Noticed a black bear
  2950 | D:4      | Noticed a necrophage
  2961 | D:4      | Killed a necrophage
  2962 | D:4      | Reached skill level 5 in Bows
  2967 | D:4      | Killed a black bear
  2968 | D:4      | Reached skill level 5 in Fighting
  2968 | D:4      | Reached XP level 7. HP: 48/56 MP: 7/7
  3640 | D:4      | Found an ornate altar of the Wu Jian Council.
  4102 | D:3      | Became a worshipper of Warmaster Okawaru
  4159 | D:5      | Entered Level 5 of the Dungeon
  4202 | D:5      | Reached skill level 6 in Bows
  4295 | D:5      | Identified the +2 falchion of True Grit {vorpal, rC+++
                  | Str-3 Int-5 Dex+4}
  4343 | D:5      | Reached XP level 8. HP: 46/64 MP: 8/8
  4384 | D:4      | HP: 3/64 [howler monkey (4)]
  5003 | D:5      | Reached skill level 1 in Dodging
  5073 | D:5      | Found a sacrificial altar of Ru.
  5189 | D:6      | Noticed Grinder
  5505 | D:5      | Reached * piety under Okawaru
  5778 | D:4      | Reached skill level 7 in Bows
  6776 | D:5      | Reached XP level 9. HP: 63/69 MP: 9/9
  6904 | D:5      | Reached ** piety under Okawaru
  7090 | D:6      | Reached skill level 8 in Bows
  7125 | D:6      | Reached skill level 5 in Dodging
  7132 | D:6      | Noticed Sigmund
  7639 | D:6      | Killed Sigmund
  7737 | D:6      | Found a staircase to the Ecumenical Temple.
  7969 | D:6      | Paralysed by Grinder for 3 turns
  7982 | D:6      | Killed Grinder
  7982 | D:6      | Reached *** piety under Okawaru
  7983 | D:6      | Reached skill level 9 in Bows
  8486 | D:3      | Bought a pair of embroidered boots for 172 gold pieces
  8486 | D:3      | Bought an ichor-stained scale mail for 207 gold pieces
  8486 | D:3      | Identified the +4 scale mail of the Thoughtful Stories
                  | {-Cast rElec Str+3 Dex+2} (You bought it in a shop on level
                  | 3 of the Dungeon)
  8800 | D:7      | Noticed Joseph
  8826 | D:7      | Killed Joseph
  8827 | D:7      | Reached XP level 10. HP: 31/76 MP: 7/10
  9589 | D:7      | Noticed Harold
  9651 | D:7      | Reached skill level 10 in Bows
  9651 | D:7      | Reached skill level 5 in Armour
 10148 | D:8      | Noticed a centaur warrior
 10161 | D:8      | Killed a centaur warrior
 10161 | D:8      | Reached **** piety under Okawaru
 10161 | D:8      | Received a gift from Okawaru
 10726 | D:8      | Found a glowing silver altar of Zin.
 10726 | D:8      | Found an opulent altar of Gozag.
 10838 | D:8      | Found a runed translucent gate.
 10838 | D:8      | Found a runed translucent gate.
 10838 | D:8      | Found a runed translucent gate.
 10839 | D:8      | Found an opulent altar of Gozag.
 10904 | D:8      | Found a burning altar of Makhleb.
 11245 | D:8      | Noticed a death knight
 11245 | D:8      | Noticed bilbop's ghost (novice DjIE)
 11513 | D:9      | Reached skill level 11 in Bows
 11544 | D:9      | Reached skill level 1 in Invocations
 11634 | D:9      | Reached XP level 11. HP: 82/82 MP: 10/12
 11656 | D:9      | Received a gift from Okawaru
 12257 | D:9      | Found a staircase to the Lair.
 12427 | Lair:1   | Entered Level 1 of the Lair of Beasts
 12730 | Lair:1   | Noticed a four-headed hydra
 13548 | Lair:1   | Killed a four-headed hydra
 13663 | Lair:1   | Noticed a minotaur
 13663 | Lair:1   | Noticed flotson's ghost (journeyman GnDe)
 14007 | Lair:1   | Found a runed translucent gate.
 14007 | Lair:1   | Found a runed translucent gate.
 14007 | Lair:1   | Found a runed translucent gate.
 14046 | Lair:1   | Found a white marble altar of Elyvilon.
 14083 | Lair:1   | Reached skill level 12 in Bows
 14539 | Lair:2   | Noticed a seven-headed hydra
 14778 | Lair:2   | Reached ***** piety under Okawaru
 14859 | Lair:2   | Noticed a four-headed hydra
 14875 | Lair:2   | Killed a four-headed hydra
 14879 | Lair:2   | Received a gift from Okawaru
 14880 | Lair:2   | Reached XP level 12. HP: 46/95 MP: 13/15
 15347 | Lair:3   | Noticed an eight-headed hydra
 15362 | Lair:3   | You fall into a shaft and drop 3 floors!
 15362 | Lair:6   | Entered Level 6 of the Lair of Beasts
 15424 | Lair:6   | Noticed an eight-headed hydra
 15639 | Lair:5   | Reached skill level 13 in Bows
 15713 | Lair:5   | Reached skill level 10 in Fighting
 15801 | Lair:5   | HP: 3/97 [yak[a torpor snail] (11)]
 15802 | Lair:5   | Slain by a yak

Illustrated notes

Levels and vault maps discovered:
D:1:      mainiacjoe_arrival_reflecting_pool, layout_rooms,
          hellmonk_ecumenical_altar_prayer_group, serial_shops,
          nicolae_shop_statue_plus
D:2:      layout_basic
D:3:      layout_basic, palyth_temple_overflow_mages,
          nzn_hepliaklqana_mist_gate, gammafunk_temple_overflow_arena,
          serial_shops, nicolae_shop_trees, chequers_serial_rivers_room_a,
          uniq_natasha
D:4:      layout_loops_ring, nicolae_overflow_crystal_walls,
          nzn_wu_jian_contemplation, hangedman_decor_peaks_small,
          palyth_stone_intersect, chequers_decorated_corner, minmay_checkerbox
D:5:      lemuel_castle_with_subvaults [lemuel_castle_interior_carwin_2],
          layout_cave_pools, nicolae_ru_path_of_blood
D:6:      layout_basic, minmay_temple_entry_junction, amethyst_killhole,
          uniq_grinder, uniq_sigmund
D:7:      layout_loops_cross, uniq_joseph, uniq_harold
D:8:      layout_basic, bloody_makhleb, grunt_temple_overflow_gold_and_silver,
          serial_rivers, chequers_serial_rivers_small_b,
          chequers_serial_rivers_small_3, chequers_serial_rivers_small_a,
          chequers_serial_rivers_micro_a, ebering_ghost_gozag,
          minmay_manual_monolith
D:9:      layout_loops_ring, lair_entry_dummy, st_stairs_8, grunt_decor_cap
Lair:1:   lemuel_ratsnest, layout_concentric_octagons,
          maelrawn_ghost_gauntlet_escape, basic_altar, disabler_island
Lair:2:   layout_loops_ring, minmay_shoals_entry_beasts, serial_rivers,
          chequers_serial_rivers_micro_b, chequers_serial_rivers_marsh,
          chequers_serial_rivers_micro_b, chequers_serial_rivers_large_a,
          chequers_serial_rivers_micro_b, infiniplex_staircase_pool_2
Lair:3:   layout_misc_corridors, nicolae_spider_entry_non_spiders
Lair:5:   layout_big_grid, slime_dummy
Lair:6:   minmay_lair_end_enchanted_forest, layout_misc_corridors,
          serial_bayou_shore_a, uniq_snorg

Skill      XL: |  1  2  3  4  5  6  7  8  9 10 11 12 |
---------------+-------------------------------------+-----
Fighting       | 2 3 5 6 9 10 | 10.1
Bows           | 3 4 5 6 7 9 11 12 13 | 13.1
Dodging        | 3 6 |  6.2
Armour         | 4 6 |  6.9
Invocations    | 1 4 |  4.0
Polearms       | |  1.0
Throwing       | |  1.0
Stealth        | |  1.0
Shields        | |  1.0

Action                   |  1- 3 |  4- 6 |  7- 9 | 10-12 || total
-------------------------+-------+-------+-------+-------++-------
Melee: War axe           |       |       |       |     3 ||     3
 Fire: Shortbow          |    72 |   149 |   420 |   749 ||  1390
Throw: Dart              |       |       |    20 |     2 ||    22
Invok: Heroism           |       |       |     1 |    12 ||    13
  Use: Potion            |     1 |       |       |     7 ||     8
       Scroll            |       |     4 |    11 |     8 ||    23
Armor: Ring mail         |     7 |    50 |    60 |       ||   117
       Skin              |     6 |       |       |       ||     6
       Scale mail        |       |       |     1 |   114 ||   115
Dodge: Dodged            |    14 |    54 |   105 |   204 ||   377

Table legend: (Time is in decaauts)
 A = Elapsed time spent in this place.
 B = Non-inter-level travel time spent in this place.
 C = Inter-level travel time spent in this place.
 D = Time resting spent in this place.
 E = Time spent auto-exploring this place.
 F = Levels seen in this place.
 G = Mean time per level.
                   A        B        C        D        E       F      G
               +--------+--------+--------+--------+--------+-----+--------+
         Total |  15600 |  14995 |    605 |   2028 |  10400 |  14 | 1114.3 |
       Dungeon |  12495 |  11916 |    579 |   1532 |   8518 |   9 | 1388.3 |
          Lair |   3104 |   3079 |     25 |    496 |   1881 |   5 |  620.8 |
               +--------+--------+--------+--------+--------+-----+--------+

Top non-repeatable levels by time:
     D:5: 2237 daAuts
     D:4: 2119 daAuts
  Lair:1: 2066 daAuts
     D:3: 1730 daAuts
     D:8: 1398 daAuts
     D:7: 1356 daAuts
     D:9: 1121 daAuts
     D:6: 988 daAuts
     D:2: 844 daAuts
     D:1: 699 daAuts
  Lair:2: 652 daAuts
  Lair:5: 297 daAuts
  Lair:6: 72 daAuts
  Lair:3: 16 daAuts
